 Seeded DCSS version 0.24-a0-269-g32ec7ca (webtiles) character file.

Game seed: 7510752562211700309

40 GroovyGamera the Ducker (level 3, -1/26 HPs)
             Began as a Merfolk Fire Elementalist on Apr 21, 2019.
             Slain by a human zombie (6 damage)
             ... on level 2 of the Dungeon.
             The game lasted 00:09:14 (1237 turns).

GroovyGamera the Ducker (Merfolk Fire Elementalist) Turns: 1237, Time: 00:09:14

Health: -1/26      AC:  2    Str:  8    XL:     3   Next: 50%
Magic:  1/6        EV: 13    Int: 15    God:
Gold:   46         SH:  0    Dex: 14    Spells: 3/6 levels left

rFire    . . .     SeeInvis .   e - +0 spear
rCold    . . .     Gourm    .   (no shield)
rNeg     . . .     Faith    .   a - +0 robe
rPois    .         Spirit   .   g - +0 hat
rElec    .         Reflect  .   (no cloak)
rCorr    .         Harm     .   (no gloves)
MR       .....                  (no boots)
Stlth    ++........             (no amulet)
HPRegen  0.08/turn              (no ring)
MPRegen  0.10/turn              (no ring)

@: no status effects
A: change form in water, swift swim, stealthy swim
a: no special abilities


You were on level 2 of the Dungeon.
You were not hungry.

You visited 1 branch of the dungeon, and saw 2 of its levels.

You collected 46 gold pieces.

Inventory:

Hand Weapons
 e - a +0 spear (weapon)
Missiles
 b - 18 stones (quivered)
 h - 23 bolts
Armour
 a - a +0 robe (worn)
 g - a +0 hat (worn)
Scrolls
 i - a scroll of teleportation {unknown}
Potions
 d - a potion of berserk rage {unknown}
Comestibles
 c - 5 rations
 f - a chunk of flesh


   Skills:
 + Level 1.4 Fighting
 - Level 2.6 Dodging
 - Level 2.1 Stealth
 + Level 2.4 Spellcasting
 + Level 1.3 Conjurations
 + Level 2.5 Fire Magic


You had 3 spell levels left.
You knew the following spells:

 Your Spells              Type           Power        Failure   Level  Hunger
a - Flame Tongue          Conj/Fire      #....        10%         1    #......
b - Throw Flame           Conj/Fire      #.....       14%         2    ###....

Your spell library contained the following spells:

 Spells                   Type           Power        Failure   Level  Hunger
 Conjure Flame            Conj/Fire      #.......     28%         3    ###....
 Inner Flame              Hex/Fire       #.......     36%         3    ###....
 Sticky Flame             Conj/Fire      #.......     67%         4    #####..
 Fireball                 Conj/Fire      #.........   95%         5    ######.


Dungeon Overview and Level Annotations

Branches:
Dungeon (2/15)

Altars:


Message History

You don't have enough magic to cast that spell.
Casting: Throw Flame (safe; 14% risk of failure)
Confirm with . or Enter, or press ? or * to list all spells.
You don't have enough magic to cast that spell.
You hit the human zombie but do no damage.
The human zombie is moderately damaged.
You hit the human zombie.
The human zombie is moderately damaged.
The human zombie hits you.
You hit the human zombie but do no damage.
The human zombie is moderately damaged.
The human zombie hits you.
You hit the human zombie but do no damage.
The human zombie is moderately damaged.
The human zombie hits you.
* * * LOW HITPOINT WARNING * * *
You hit the human zombie but do no damage.
The human zombie is moderately damaged.
The human zombie hits you.
You die...

..[.$..###(........#
...................#
...r....##.(.......###
...g.................
.......###.........#
....... #..†......#
#.#...# #.........## #
#... ####.......##
#... #@Z....... #..
#.......## ...
#.......# #.......#
#.......# #.......#
#.......# #########


You could see a human zombie.

Vanquished Creatures
  2 adders
  A dart slug (D:1)
  A bat (D:1)
  A giant cockroach (D:1)
  4 goblins (D:1)
  2 hobgoblins (D:1)
  3 kobolds (D:1)
  A frilled lizard (D:1)
  5 rats
20 creatures vanquished.

Notes
Turn   | Place    | Note
-------+----------+-------------------------------------------
     0 | D:1      | GroovyGamera the Merfolk Fire Elementalist began the quest
                  | for the Orb.
     0 | D:1      | Reached XP level 1. HP: 13/13 MP: 3/3
   314 | D:1      | Reached skill level 1 in Conjurations
   314 | D:1      | Reached XP level 2. HP: 19/20 MP: 1/5
   327 | D:1      | Learned a level 2 spell: Throw Flame
   566 | D:1      | Reached skill level 1 in Fighting
  1033 | D:1      | Reached XP level 3. HP: 20/26 MP: 1/6
  1237 | D:2      | Slain by a human zombie

Levels and vault maps discovered:
D:1:      dpeg_arrival_water_temple_mockup, layout_basic, serial_bayou_pond_e
D:2:      layout_basic, lemuel_crystal_altar, dk_yredelemnul_ordeal,
          uniq_sigmund

Skill      XL: |  1  2 |
---------------+-------+-----
Conjurations   | 1 |  1.3
Fighting       | 1 |  1.4
Dodging        | |  2.6
Stealth        | |  2.1
Spellcasting   | |  2.4
Fire Magic     | |  2.5

Action                   || total
-------------------------++-------
Melee: Spear             ||    37
Throw: Stone             ||    29
 Cast: Flame Tongue      ||     8
       Throw Flame       ||    13
  Eat: Chunk             ||     2
Armor: Robe              ||     1
Dodge: Dodged            ||    33

Table legend:
 A = Non-vault XP
 B = Vault XP
 C = Vault XP percentage of total XP
 D = Non-vault monster count
 E = Vault monster count
 F = Vault count percentage of total count
                 A         B        C        D         E       F
            +---------+---------+-------+---------+---------+-------
      Total |      58 |       0 |   0.0 |      20 |       0 |   0.0
            +---------+---------+-------+---------+---------+-------
        D:1 |      44 |       0 |   0.0 |      18 |       0 |   0.0
        D:2 |      14 |       0 |   0.0 |       2 |       0 |   0.0
            +---------+---------+-------+---------+---------+-------
